 Dungeon Crawl Stone Soup version 0.16.2-14-gc338ae411c (webtiles) character file.

100174 MordorOrchid the Spry (level 15, -6/78 HPs)
             Began as a Spriggan Berserker on Mar 6, 2020.
             Was the Champion of Trog.
             Mangled by a swamp worm (24 damage)
             ... on level 1 of the Swamp on Mar 7, 2020.
             The game lasted 02:36:13 (21128 turns).

MordorOrchid the Spry (Spriggan Berserker)         Turns: 21128, Time: 02:36:13

Health: -6/78      AC:  5    Str: 15    XL:     15   Next: 79%
Magic:  32/32      EV: 36    Int: 10    God:    Trog [******]
Gold:   1249       SH:  0    Dex: 19    Spells: 0 memorised, 14 levels left

rFire  + . .     SeeInvis +     y - +5 short sword (venom)
rCold  . . .     Clarity  .     a - +0 robe {rF+}
rNeg   . . .     SustAb   .     (shield restricted)
rPois  +         Gourm    .     A - +1 hat
rElec  .         Spirit   .     f - +1 cloak (curse)
rCorr  .         Warding  .     (gloves unavailable)
rMut   .         Stasis   .     (boots unavailable)
MR     ++...                    (no amulet)
Stlth  ++++++++..               S - ring of flight
                                W - ring of poison resistance

@: very quick, very resistant to hostile enchantments, extraordinarily stealthy
A: unfitting armour, see invisible, herbivore 3, speed 3, slow metabolism 2
a: Burn Spellbooks, Berserk, Trog's Hand, Brothers in Arms, Renounce Religion,
Evoke Flight


You were on level 1 of the Swamp.
You worshipped Trog.
Trog was exalted by your worship.
You were not hungry.

You visited 3 branches of the dungeon, and saw 23 of its levels.
You also visited: Volcano.

You collected 1351 gold pieces.
You spent 102 gold pieces at shops.

Inventory:

Hand weapons
 b - a +0 blowgun
 y - a +5 short sword of venom (weapon)
 z - the +8 long sword of Dried Tears {holy, rF++ rC+}
   (You found it on level 6 of the Lair of Beasts)

   It has been blessed by the Shining One to cause great damage to the undead
   and demons.
   It greatly protects you from fire.
   It protects you from cold.
Missiles
 r - 8 needles of sleeping
 u - 3 curare-tipped needles
 B - 3 poisoned tomahawks
 M - 17 tomahawks (quivered)
 R - 3 tomahawks of dispersal
 Y - 6 needles of paralysis
Armour
 a - a +0 robe of fire resistance (worn)
 f - a cursed +1 cloak (worn)
 A - a +1 hat (worn)
Rods
 x - a +6 iron rod (10/10)
   (You found it on level 8 of the Lair of Beasts)
 U - a +2 rod of shadows (13/13)
   (You found it on level 3 of the Lair of Beasts)
Jewellery
 j - an uncursed ring of protection from magic
 S - a ring of flight (right hand)
 W - a ring of poison resistance (left hand)
Magical devices
 d - a wand of lightning (6)
 q - a wand of cold (5)
 C - a wand of confusion (22)
 E - a wand of polymorph (8)
 K - a wand of flame (14)
 N - a wand of slowing (35)
Scrolls
 h - 2 scrolls of magic mapping
 n - 5 scrolls of recharging
 t - 9 scrolls of teleportation
 v - 2 scrolls of remove curse
 F - 5 scrolls of immolation
 G - 6 scrolls of fog
 L - a scroll of summoning
 P - a scroll of fear
 Q - 4 scrolls of blinking
Potions
 i - a potion of cure mutation {unknown}
 k - 2 potions of heal wounds
 m - 4 potions of curing
 o - a potion of berserk rage {unknown}
 p - 3 potions of might
 H - 2 potions of agility
 I - 2 potions of resistance
 J - a potion of magic {unknown}
 O - 4 potions of lignification
 V - 2 potions of haste
Books
 g - a book of Beasts

   Spells                             Type                      Level
   a - Summon Butterflies             Summoning                    1
   b - Call Canine Familiar           Summoning                    3
   c - Summon Ice Beast               Ice/Summoning                4
   d - Summon Mana Viper              Hexes/Summoning              5
   e - Monstrous Menagerie            Summoning                    6
   f - Summon Hydra                   Summoning                    7
   Trog disapproves of the use of such an item.
Miscellaneous
 D - a plain deck of changes {drawn: 1}
 T - a phantom mirror
Comestibles
 c - 6 bread rations
 s - 5 fruits


   Skills:
 * Level 8.7 Fighting
 * Level 10.2 Short Blades
 + Level 11.9 Throwing
 - Level 4.5 Armour
 * Level 19.7 Dodging
 * Level 17.1 Stealth
 - Level 10.4 Evocations


You had 14 spell levels left.
You didn't know any spells.

Dungeon Overview and Level Annotations

Branches:
Dungeon (13/15)            Temple (0/1) D:4            Lair (8/8) D:8
  Swamp (2/5) Lair:4       Spider (0/5) Lair:5        Slime (0/6) Lair:6
    Orc (0/4) D:11
 Vaults: D:13-14

Altars:
Ashenzari
Elyvilon
Fedhas
Gozag
Kikubaaqudgha
Makhleb
Nemelex Xobeh
Qazlal
Trog
Vehumet
Yredelemnul
Zin
Jiyva

Shops:
D:5 }   D:11 ?   D:13 ?


Innate Abilities, Weirdness & Mutations

You are tiny and cannot use many weapons and most armour.
You have supernaturally acute eyesight.
You are a herbivore.
You cover ground extremely quickly.
You need consume almost no food.


Message History

The swamp worm is lightly wounded.
You hit the swamp worm.
The swamp worm is poisoned.
The swamp worm is lightly wounded.
The swamp worm completely misses you.
You barely miss the swamp worm.
The swamp worm is lightly wounded.
The swamp worm bites you!
* * * LOW HITPOINT WARNING * * *
You are too injured to fight recklessly!
You are too injured to fight recklessly!
You are too injured to fight recklessly!
You hit the swamp worm.
The swamp worm is moderately wounded.
The swamp worm completely misses you.
You puncture the swamp worm!
The swamp worm looks even sicker.
The swamp worm is heavily wounded.
You hit the swamp worm.
The swamp worm is severely wounded.
The swamp worm bites you!!
You die...

..≈n ♣♣≈♣...
♣♣.≈≈≈.♣♣♣
♣♣..≈≈≈≈..♣♣♣
♣.....≈≈....≈.
♣≈≈..........
♣♣.≈≈......
♣.≈≈≈≈..♣
♣..≈w@.♣ .
♣♣.≈..♣♣ .. ...♣♣
♣.≈≈.♣♣
≈......♣♣♣♣♣.≈§.♣
....≈≈≈...♣♣...≈♣
♣♣≈.≈≈≈≈..)...≈♣♣
♣♣♣......≈♣...≈.♣
♣♣.....♣≈....≈≈.♣
≈♣♣..≈≈.♣≈≈≈§†.≈♣


You could see a swamp worm.

Vanquished Creatures
  Rupert (Lair:4)
  3 catoblepae (Lair:8)
  4 hydras
  An alligator (Swamp:1)
  22 death yaks
  An unseen horror (D:10)
  A swamp dragon (Swamp:1)
  Pikel (D:6)
  A griffon (Lair:8)
  A hill giant (D:10)
  A manticore (D:12)
  2 ugly things
  An orc sorcerer (Volcano)
  4 black mambas
  19 elephants
  A centaur zombie (D:12)
  Psyche (D:9)
  A kobold demonologist (D:12)
  3 fire drakes
  16 spiny frogs
  6 komodo dragons
  A two-headed ogre (D:8)
  A giant leech (Swamp:1)
  A polar bear (Lair:4)
  Prince Ribbit (D:9)
  3 ravens (D:12)
  3 trolls
  A spriggan (D:7)
  2 trapdoor spiders (Lair:5)
  A basilisk (Lair:8)
  2 wyverns
  A steam dragon (Lair:5)
  57 yaks
  2 hungry ghosts
  12 hippogriffs
  A deep elf fighter (D:8)
  Menkaure (D:6)
  2 swamp worms (Swamp:1)
  3 sky beasts
  6 water moccasins
  10 porcupines
  3 eyes of draining
  6 wolves
  4 swamp drakes
  2 black bears (D:7)
  A necrophage (D:6)
  3 slaves (D:6)
  5 ice beasts
  13 ogres
  10 orc warriors
  A phantom (D:6)
  A boring beetle (Lair:8)
  Sigmund (D:6)
  12 big kobolds
  8 crocodiles
  11 centaurs
  A wyvern skeleton (D:12)
  21 giant frogs
  6 scorpions
  14 killer bees
  An electric eel (Lair:5)
  3 vampire bats
  3 crimson imps
  4 gnoll shamans (D:12)
  2 giant frog zombies
  A jelly (D:9)
  4 centaur skeletons
  4 orc priests
  4 orc wizards
  7 hounds
  6 iguanas
  15 sheep
  9 worker ants
  2 hound zombies
  A worker ant zombie (D:9)
  22 adders
  14 gnolls
  56 river rats
  A hound simulacrum (D:11)
  16 white imps (D:11)
  5 shadow imps
  2 worms (D:4)
  An adder zombie (D:6)
  An adder skeleton (D:6)
  4 giant geckos
  An ooze (D:4)
  41 orcs
  19 bats
  5 bat skeletons
  2 bat zombies (D:7)
  12 giant cockroaches
  10 goblins
  12 hobgoblins
  5 jackals
  30 kobolds
  11 quokkas
  A ball python (D:6)
  A giant gecko skeleton (D:6)
  8 giant newts
  17 rats
  6 fungi
  6 plants
700 creatures vanquished.

Vanquished Creatures (collateral kills)
  2 elephants (Lair:8)
  A spiny frog (Lair:8)
  A polar bear (Lair:8)
  2 river rats (Lair:8)
6 creatures vanquished.

Vanquished Creatures (others)
  A hill giant (Lair:8)
  A cyclops (Lair:8)
  A centaur skeleton (D:11)
  A swamp worm (Swamp:2)
  A giant frog (D:11)
  15 fungi
  14 plants
34 creatures vanquished.

Grand Total: 740 creatures vanquished

Notes
Turn   | Place    | Note
--------------------------------------------------------------
     0 | D:1      | MordorOrchid, the Spriggan Berserker, began the quest for the Orb.
     0 | D:1      | Reached XP level 1. HP: 11/11 MP: 2/2
    61 | D:1      | Reached skill level 1 in Stealth
   207 | D:1      | Reached XP level 2. HP: 10/16 MP: 4/4
   669 | D:2      | Reached skill level 4 in Stealth
   774 | D:2      | Reached XP level 3. HP: 5/19 MP: 6/6
   907 | D:2      | Found an opulent altar of Gozag.
   969 | D:2      | Reached skill level 5 in Stealth
  1063 | D:3      | Found a shattered altar of Ashenzari.
  1152 | D:3      | Found a basalt altar of Yredelemnul.
  1184 | D:3      | Acquired Trog's second power
  1242 | D:3      | Reached XP level 4. HP: 18/23 MP: 8/8
  1582 | D:4      | Reached XP level 5. HP: 28/28 MP: 10/10
  1685 | D:4      | Found a staircase to the Ecumenical Temple.
  1796 | D:4      | Found a glowing silver altar of Zin.
  1903 | D:4      | Found a blossoming altar of Fedhas.
  1972 | D:4      | Reached skill level 6 in Stealth
  2030 | D:4      | Reached skill level 1 in Evocations
  2149 | D:5      | Entered Level 5 of the Dungeon
  2149 | D:5      | Noticed an ogre
  2151 | D:5      | Killed an ogre
  2151 | D:5      | Reached skill level 7 in Stealth
  2151 | D:5      | Reached XP level 6. HP: 32/32 MP: 11/13
  2216 | D:5      | Noticed an ogre
  2225 | D:5      | Killed an ogre
  2225 | D:5      | Reached skill level 5 in Dodging
  2363 | D:5      | Found Frauta's Gadget Boutique.
  2577 | D:5      | Noticed a centaur
  2579 | D:5      | Killed a centaur
  2579 | D:5      | Reached skill level 8 in Stealth
  2616 | D:5      | Reached XP level 7. HP: 36/36 MP: 17/17
  3078 | D:6      | Found a blossoming altar of Fedhas.
  3113 | D:6      | Found a white marble altar of Elyvilon.
  3117 | D:6      | Reached skill level 9 in Stealth
  3121 | D:6      | Noticed Menkaure
  3148 | D:6      | Killed Menkaure
  3228 | D:6      | Reached XP level 8. HP: 26/41 MP: 20/20
  3509 | D:6      | Noticed Sigmund
  3521 | D:6      | Killed Sigmund
  3655 | D:6      | Found a burning altar of Makhleb.
  3739 | D:6      | Reached skill level 5 in Short Blades
  3933 | D:6      | Noticed Pikel
  3946 | D:6      | Paralysed by Pikel for 7 turns
  3961 | D:6      | Paralysed by Pikel for 7 turns
  3974 | D:6      | You fall through a shaft for 3 floors!
  4072 | D:8      | Reached skill level 5 in Evocations
  4090 | D:7      | Found a stormy altar of Qazlal.
  4732 | D:6      | Paralysed by Pikel for 3 turns
  4752 | D:6      | Killed Pikel
  4752 | D:6      | Acquired Trog's third power
  4752 | D:6      | Reached skill level 10 in Dodging
  4752 | D:6      | Reached XP level 9. HP: 46/46 MP: 22/22
  4802 | D:6      | Reached skill level 11 in Dodging
  4853 | D:7      | Reached skill level 10 in Stealth
  4893 | D:7      | Found an ancient bone altar of Kikubaaqudgha.
  5077 | D:7      | Found a bloodstained altar of Trog.
  5167 | D:7      | Reached skill level 1 in Throwing
  5167 | D:7      | Reached skill level 12 in Dodging
  5517 | D:8      | Found a sparkling altar of Nemelex Xobeh.
  5956 | D:8      | Reached XP level 10. HP: 45/51 MP: 8/25
  6220 | D:8      | Reached skill level 5 in Fighting
  6519 | D:8      | Noticed a two-headed ogre
  6523 | D:8      | Killed a two-headed ogre
  6523 | D:8      | Reached skill level 13 in Dodging
  7127 | D:9      | Noticed a troll
  7136 | D:9      | Killed a troll
  7314 | D:9      | Found a radiant altar of Vehumet.
  7355 | D:9      | Noticed Prince Ribbit
  7392 | D:9      | Noticed Psyche
  7418 | D:9      | Killed Psyche
  7488 | D:9      | Killed Prince Ribbit
  7671 | D:9      | Reached skill level 14 in Dodging
  7727 | D:10     | Entered Level 10 of the Dungeon
  7797 | D:10     | Received a gift from Trog
  8767 | D:10     | Noticed an unseen horror
  8793 | D:10     | Killed an unseen horror
  8793 | D:10     | Reached skill level 5 in Throwing
  8793 | D:10     | Reached XP level 11. HP: 50/56 MP: 27/27
  9111 | D:10     | Noticed a hill giant
  9167 | D:10     | Killed a hill giant
  9362 | D:11     | Received a gift from Trog
  9678 | D:11     | Reached skill level 15 in Dodging
  9970 | D:11     | Found a staircase to the Orcish Mines.
 10281 | D:11     | Found Qodubliv's Magic Scroll Emporium.
 10480 | D:11     | Bought a scroll of fog for 34 gold pieces
 10480 | D:11     | Bought a scroll of fog for 34 gold pieces
 10480 | D:11     | Bought a scroll of identify for 34 gold pieces
 10651 | D:12     | Reached skill level 16 in Dodging
 11144 | D:12     | Received a gift from Trog
 11472 | D:12     | Reached XP level 12. HP: 62/62 MP: 29/29
 11591 | D:13     | Found Keele's Magic Scroll Shoppe.
 11617 | D:12     | Received a gift from Trog
 11807 | D:8      | Found a staircase to the Lair.
 11816 | Lair:1   | Entered Level 1 of the Lair of Beasts
 12320 | Lair:1   | Noticed a four-headed hydra
 12469 | Lair:1   | Received a gift from Trog
 12834 | Lair:2   | Reached skill level 17 in Dodging
 13528 | Lair:3   | Reached skill level 10 in Evocations
 13534 | Lair:3   | Identified a +2 rod of shadows (13/13) (You found it on level 3 of the Lair of Beasts)
 14051 | Lair:3   | Noticed a six-headed hydra
 14059 | Lair:3   | Killed a six-headed hydra
 14492 | Lair:4   | Received a gift from Trog
 14832 | Lair:4   | Noticed a five-headed hydra
 14834 | Lair:4   | Received a gift from Trog
 15006 | Lair:4   | Killed a five-headed hydra
 15006 | Lair:4   | Reached XP level 13. HP: 67/67 MP: 30/30
 15048 | Lair:4   | Found a staircase to the Swamp.
 15048 | Lair:4   | Noticed Rupert
 15183 | Lair:4   | Killed Rupert
 15183 | Lair:4   | Reached skill level 18 in Dodging
 15756 | Lair:5   | Reached skill level 10 in Throwing
 15845 | Lair:5   | Found a hole to the Spider Nest.
 16652 | Lair:6   | Found a dark tunnel.
 16671 | Volcano  | Entered a volcano
 16689 | Volcano  | Found a burning altar of Makhleb.
 16812 | Volcano  | Reached skill level 15 in Stealth
 17536 | Lair:6   | Found a viscous altar of Jiyva.
 17537 | Lair:6   | Found a staircase to the Slime Pits.
 17893 | Lair:6   | Got a polished long sword
 18111 | Lair:7   | Identified the +8 long sword of Dried Tears {holy, rF++ rC+} (You found it on level 6 of the Lair of Beasts)
 18161 | Lair:7   | Reached XP level 14. HP: 62/73 MP: 31/31
 18256 | Lair:7   | Received a gift from Trog
 18719 | Lair:8   | Entered Level 8 of the Lair of Beasts
 18794 | Lair:8   | Reached skill level 19 in Dodging
 19252 | Lair:8   | HP: 3/73 [death yak (27)]
 20403 | Lair:8   | Reached skill level 10 in Short Blades
 20544 | Lair:8   | Reached XP level 15. HP: 66/78 MP: 32/32
 20836 | Swamp:1  | Entered Level 1 of the Swamp
 21128 | Swamp:1  | Mangled by a swamp worm

Action                   |  1- 3 |  4- 6 |  7- 9 | 10-12 | 13-15 || total
-------------------------+-------+-------+-------+-------+-------++-------
Melee: Short sword       |   131 |   146 |   300 |  1284 |   857 ||  2718
       Dagger            |       |       |   409 |   717 |    44 ||  1170
       Unarmed           |       |       |       |       |     7 ||     7
 Fire: Hunting sling     |       |     9 |   108 |   124 |       ||   241
       Blowgun           |       |       |       |   202 |   110 ||   312
Throw: Throwing net      |       |       |     2 |       |       ||     2
       Tomahawk          |       |       |     1 |    63 |   280 ||   344
Invok: Berserk           |     2 |     2 |     6 |     5 |       ||    15
       Trog's Hand       |       |       |     2 |     6 |     4 ||    12
       Burn Spellbooks   |       |       |     1 |       |     1 ||     2
Evoke: Wand              |       |       |    12 |    13 |     3 ||    28
       Deck              |       |       |       |       |     1 ||     1
       Rod               |       |       |       |       |     4 ||     4
  Use: Scroll            |     2 |     1 |     8 |    19 |     5 ||    35
       Potion            |       |     1 |       |     1 |     7 ||     9
 Stab: Sleeping          |     7 |    16 |    29 |    85 |    55 ||   192
       Distracted        |       |       |     3 |     5 |     2 ||    10
       Petrifying        |       |       |       |     3 |       ||     3
       Petrified         |       |       |       |     1 |       ||     1
       Paralysed         |       |       |       |     1 |     2 ||     3
  Eat: Fruit             |       |     2 |     1 |       |     4 ||     7
       Pizza             |       |     1 |     1 |     2 |       ||     4
       Bread ration      |       |       |     2 |     2 |     1 ||     5
